[Event "42nd Olympiad Baku 2016 Open"]
[Site "Baku"]
[Date "2016.09.05"]
[Round "4.30"]
[White "Pinal Borges, Nelson"]
[Black "Silva, David"]
[Result "1/2-1/2"]
[ECO "C68"]
[WhiteElo "2320"]
[BlackElo "2276"]
[Annotator ""]
[PlyCount "141"]
[EventDate "2016.??.??"]
[EventCountry "AZE"]
[SourceTitle "playchess.com"]
[Source "ChessBase"]
[WhiteTeam "Dominican Republic"]
[BlackTeam "Angola"]
[WhiteTeamCountry "DOM"]
[BlackTeamCountry "ANG"]
[TimeControl "40/5400+30:1800+30"]

1. e4 {(00:00)} e5 {(00:00)} 2. Nf3 {(00:00)} Nc6 {
(00:00)} 3. Bb5 {(00:00)} a6 {(03:43)} 4. Bxc6 {(
00:00)} dxc6 {(00:02)} 5. O-O {(00:00)} Ne7 {(00:09)} 6.
d3 {(05:32)} Ng6 {(02:01)} 7. Be3 {(03:46)} Bd6 {(
00:58)} 8. Nbd2 {(00:21)} O-O {(00:03)} 9. Nc4 {(06:15)}
f5 {(00:53)} 10. exf5 {(12:26)} Bxf5 {(01:01)} 11. Ng5 {
(03:18)} Qe8 {(03:33)} 12. Nd2 {(15:02)} h6 {(04:
34)} 13. Nge4 {(00:29)} Nh4 {(00:39)} 14. Ng3 {(04:20)}
Qe6 {(01:40)} 15. Nxf5 {(04:51)} Nxf5 {(01:56)} 16. Qg4 {
(04:19)} Kh8 {(02:24)} 17. Ne4 {(05:20)} Rae8 {(00:
19)} 18. b3 {(02:24)} Qf7 {(03:20)} 19. Qh3 {(03:47)} Kg8
{(07:10)} 20. Rae1 {(00:40)} Bb4 {(02:50)} 21. Re2 {
(01:11)} Be7 {(01:07)} 22. Rfe1 {(03:21)} Bb4 {(01:
25)} 23. Rf1 {(00:45)} Re6 {(02:02)} 24. Kh1 {(01:30)} b6
{(01:34)} 25. Rg1 {(04:18)} g5 {(03:29)} 26. Qg4 {(
05:40)} Be7 {(00:35)} 27. Ng3 {(02:14)} Ng7 {(00:55)} 28.
Qc4 {(02:27)} a5 {(00:51)} 29. a4 {(00:21)} h5 {(
05:22)} 30. Ne4 {(00:33)} Qg6 {(00:17)} 31. Rge1 {(01:18)}
g4 {(00:26)} 32. Bd2 {(02:38)} Kh8 {(01:05)} 33. Bc3 {
(00:56)} h4 {(00:41)} 34. Nd2 {(00:38)} Bd6 {(02:
20)} 35. Kg1 {(02:50)} h3 {(07:12)} 36. g3 {(01:47)} Qf5 {
(07:10)} 37. Qe4 {(00:26)} Qg5 {(01:03)} 38. f3 {(
01:17)} Bc5+ {(04:17)} 39. Kh1 {(00:00)} Bd4 {(01:21)} 40.
f4 {(00:00)} Qd8 {(00:00)} 41. f5 {(02:10)} Rxf5 {(
00:59)} 42. Bxd4 {(03:18)} Qxd4 {(04:18)} 43. Qxd4 {(01:
16)} exd4 {(02:07)} 44. Kg1 {(01:14)} Rxe2 {(04:30)} 45.
Rxe2 {(00:01)} Rc5 {(00:02)} 46. Ne4 {(01:53)} Re5 {
(00:08)} 47. Rf2 {(09:21)} Nf5 {(01:39)} 48. Rf4 {(
00:54)} Ne3 {(00:40)} 49. Rf7 {(00:50)} Rf5 {(00:08)} 50.
Rxf5 {(00:59)} Nxf5 {(00:02)} 51. Nf6 {(00:45)} Ne3 {
(00:05)} 52. Kf2 {(00:24)} Nxc2 {(01:33)} 53. Nxg4 {
(00:23)} Na1 {(00:02)} 54. Ne5 {(01:32)} Nxb3 {(00:
46)} 55. Nxc6 {(00:16)} Nc1 {(00:15)} 56. Nxd4 {(00:12)}
c5 {(00:15)} 57. Nb5 {(03:39)} Nxd3+ {(00:09)} 58. Ke3 {
(01:10)} Nb2 {(00:15)} 59. Nc3 {(00:22)} Kh7 {(01:
01)} 60. Ke4 {(02:21)} Kh6 {(00:09)} 61. Kf5 {(01:26)} Kg7
{(00:06)} 62. Ke6 {(00:32)} c4 {(00:21)} 63. Kd5 {(
00:54)} Kg6 {(06:02)} 64. Kc6 {(00:29)} Kg5 {(02:27)} 65.
Kxb6 {(01:09)} Kg4 66. Kxa5 {(00:26)} Kf3 {(00:04)} 67.
Kb4 {(00:39)} Kg2 {(00:43)} 68. Ne4 {(01:18)} Kxh2 {
(01:26)} 69. Ng5 {(00:34)} Kxg3 {(00:45)} 70. Nxh3 {
(00:05)} Nxa4 {(00:09)} 71. Kxc4 {(00:14)} 1/2-1/2

[Event "42nd Olympiad Baku 2016 Open"]
[Site "Baku"]
[Date "2016.09.05"]
[Round "4.30"]
[White "Pineda, Juan Jose"]
[Black "Berkes, Ferenc"]
[Result "0-1"]
[ECO "B02"]
[WhiteElo "2175"]
[BlackElo "2640"]
[Annotator ""]
[PlyCount "70"]
[EventDate "2016.??.??"]
[EventCountry "AZE"]
[SourceTitle "playchess.com"]
[Source "ChessBase"]
[WhiteTeam "Nicaragua"]
[BlackTeam "Hungary"]
[WhiteTeamCountry "NCA"]
[BlackTeamCountry "HUN"]
[TimeControl "40/5400+30:1800+30"]

1. e4 {(00:00)} Nf6 {(00:00)} 2. Nc3 {(00:22)} d5 {
(00:00)} 3. exd5 {(00:08)} Nxd5 {(00:00)} 4. d4 {(
00:53)} c6 {(04:07)} 5. Nf3 {(01:29)} Bg4 {(01:38)} 6. Be2
{(04:01)} Nd7 {(05:04)} 7. O-O {(03:20)} e6 {(00:
04)} 8. Nxd5 {(10:08)} cxd5 {(00:34)} 9. Bf4 {(00:25)} Be7
{(06:49)} 10. Ne5 {(07:04)} Bxe2 {(00:10)} 11. Qxe2 {
(00:10)} O-O {(00:16)} 12. Nxd7 {(05:18)} Qxd7 {(
02:03)} 13. Rad1 {(06:39)} Rac8 {(00:23)} 14. a3 {(00:53)}
Bd6 {(05:31)} 15. Bxd6 {(03:53)} Qxd6 {(00:06)} 16. c3 {
(00:20)} Rc6 {(04:23)} 17. f4 {(05:09)} f5 {(01:44]
} 18. Qf2 {(03:31)} b5 {(00:59)} 19. Rfe1 {(00:16)} a5 {
(00:15)} 20. Re5 {(00:27)} b4 {(00:19)} 21. axb4 {(
00:54)} axb4 {(00:07)} 22. Rde1 {(00:14)} Rf6 {(04:45)}
23. R1e3 {(00:29)} h6 {(01:47)} 24. Qe1 {(00:15)} Kh7 {
(02:01)} 25. h3 {(00:49)} Rg6 {(04:31)} 26. Kh2 {(
02:28)} bxc3 {(04:09)} 27. bxc3 {(01:40)} Qc7 {(00:59)}
28. g3 {(02:45)} Qb6 {(00:35)} 29. h4 {(00:24)} Rf6 {
(00:49)} 30. Qe2 {(02:54)} Qb1 {(05:44)} 31. Rxe6 {
(11:16)} Rfxe6 {(00:08)} 32. Rxe6 {(00:43)} Rxc3 {(
00:07)} 33. Qh5 {(01:44)} Rc2+ {(00:23)} 34. Re2 {(00:48)}
g6 {(00:22)} 35. Qf3 {(00:28)} Qd1 {(00:12)} 0-1

[Event "42nd Olympiad Baku 2016 Open"]
[Site "Baku"]
[Date "2016.09.05"]
[Round "4.15"]
[White "Piorun, Kacper"]
[Black "Draskovic, Luka"]
[Result "1-0"]
[ECO "B83"]
[WhiteElo "2681"]
[BlackElo "2448"]
[Annotator ""]
[PlyCount "77"]
[EventDate "2016.??.??"]
[EventCountry "AZE"]
[SourceTitle "playchess.com"]
[Source "ChessBase"]
[WhiteTeam "Poland"]
[BlackTeam "Montenegro"]
[WhiteTeamCountry "POL"]
[BlackTeamCountry "MNE"]
[TimeControl "40/5400+30:1800+30"]

1. e4 {(00:00)} c5 {(00:00)} 2. Nf3 {(00:00)} e6 {(
00:15)} 3. d4 {(00:00)} cxd4 {(00:03)} 4. Nxd4 {(00:01)}
Nf6 {(00:05)} 5. Nc3 {(00:05)} d6 {(00:16)} 6. Be2 {
(00:16)} Be7 {(02:46)} 7. Be3 {(00:17)} Nc6 {(03:
39)} 8. Qd2 {(00:19)} O-O {(05:25)} 9. O-O-O {(00:08)}
Nxd4 {(05:53)} 10. Qxd4 {(02:22)} e5 {(01:40)} 11. Qd2 {
(04:03)} Be6 {(14:02)} 12. Kb1 {(01:38)} Rc8 {(06:
26)} 13. f3 {(08:08)} a6 {(02:15)} 14. g4 {(01:31)} b5 {
(01:36)} 15. h4 {(11:01)} Nd7 {(01:54)} 16. Bg5 {(
09:13)} Rc6 {(11:51)} 17. Nd5 {(01:16)} Bxd5 {(08:32)} 18.
Qxd5 {(00:50)} Rb6 {(02:31)} 19. Be3 {(09:22)} Rb8 {
(00:29)} 20. g5 {(00:05)} Nb6 {(02:42)} 21. Qd3 {(
06:20)} Nc4 {(09:22)} 22. Bc1 {(00:07)} a5 {(00:43)} 23.
Rdg1 {(04:31)} a4 {(03:08)} 24. a3 {(05:58)} Na5 {(
12:26)} 25. Qd5 {(08:01)} Qb6 {(02:10)} 26. g6 {(01:47)}
Qc5 {(01:08)} 27. gxh7+ {(08:34)} Kh8 {(00:26)} 28. Qd2 {
(03:56)} b4 {(01:17)} 29. Rxg7 {(01:12)} Kxg7 {(00:
28)} 30. Qh6+ {(00:06)} Kh8 {(00:03)} 31. Be3 {(00:05)}
Qxe3 {(01:25)} 32. Qxe3 {(00:03)} bxa3 {(00:19)} 33. Qxa3
{(02:08)} Nc6 {(00:27)} 34. Qxa4 {(03:28)} Nd4 {(
00:03)} 35. Bc4 {(01:35)} Rb7 {(00:14)} 36. Bd5 {(01:54)}
Rc7 {(00:07)} 37. c3 {(00:15)} Ne6 {(00:46)} 38. Bxe6 {
(00:58)} fxe6 {(00:04)} 39. Qb3 {(00:03)} 1-0

[Event "42nd Olympiad Baku 2016 Open"]
[Site "Baku"]
[Date "2016.09.05"]
[Round "4.12"]
[White "Plat, Vojtech"]
[Black "Shankland, Samuel L"]
[Result "1/2-1/2"]
[ECO "D31"]
[WhiteElo "2519"]
[BlackElo "2679"]
[Annotator ""]
[PlyCount "73"]
[EventDate "2016.??.??"]
[EventCountry "AZE"]
[SourceTitle "playchess.com"]
[Source "ChessBase"]
[WhiteTeam "Czech Republic"]
[BlackTeam "United States"]
[WhiteTeamCountry "CZE"]
[BlackTeamCountry "USA"]
[TimeControl "40/5400+30:1800+30"]

1. d4 {(00:00)} d5 {(00:00)} 2. c4 {(00:00)} e6 {(
00:00)} 3. Nc3 {(00:00)} c6 {(00:00)} 4. e4 {(00:48)} dxe4
{(01:01)} 5. Nxe4 {(00:06)} Bb4+ {(00:04)} 6. Bd2 {
(02:39)} Qxd4 {(00:06)} 7. Bxb4 {(00:04)} Qxe4+ {(
00:06)} 8. Ne2 {(03:26)} Nd7 {(00:10)} 9. Qd6 {(01:01)} a5
{(00:04)} 10. Ba3 {(04:15)} Qe5 {(00:06)} 11. O-O-O {
(01:09)} Qxd6 {(04:16)} 12. Bxd6 {(00:12)} Ngf6 {(
02:38)} 13. f3 {(06:00)} b6 {(06:11)} 14. Nd4 {(02:12)}
Bb7 {(00:26)} 15. Bd3 {(00:05)} O-O-O {(10:01)} 16. Bc2 {
(00:15)} c5 {(19:29)} 17. Nb5 {(00:42)} Ba6 {(00:
03)} 18. Ba4 {(04:45)} Bxb5 {(03:47)} 19. Bxb5 {(00:11)}
Nb8 {(00:03)} 20. Be5 {(00:28)} Kb7 {(01:47)} 21. g4 {
(12:34)} Nc6 {(02:13)} 22. Bxc6+ {(00:38)} Kxc6 {(
00:06)} 23. h4 {(00:07)} Rhg8 {(07:36)} 24. h5 {(00:56)}
Rxd1+ {(17:17)} 25. Rxd1 {(00:10)} Nd7 {(00:02)} 26. Rd6+
{(01:34)} Kc7 {(00:03)} 27. Rxe6+ {(00:05)} Nxe5 {(
00:07)} 28. Rxe5 {(00:18)} Kd6 {(00:04)} 29. Rd5+ {(00:59]
} Ke6 {(00:24)} 30. Kd2 {(00:27)} g6 {(01:20)} 31. Ke3 {
(02:18)} Rb8 {(05:38)} 32. a4 {(05:30)} Rc8 {(06:
27)} 33. Ke4 {(01:57)} Rc6 {(03:03)} 34. f4 {(01:11)} Ke7
{(01:01)} 35. Re5+ {(00:47)} Kd7 {(00:31)} 36. Rd5+ {
(00:17)} Ke7 {(00:07)} 37. Re5+ {(00:09)} 1/2-1/2

[Event "42nd Olympiad Baku 2016 Open"]
[Site "Baku"]
[Date "2016.09.05"]
[Round "4.10"]
[White "Postny, Evgeny"]
[Black "Meier, Georg"]
[Result "1/2-1/2"]
[ECO "E01"]
[WhiteElo "2619"]
[BlackElo "2654"]
[Annotator ""]
[PlyCount "70"]
[EventDate "2016.??.??"]
[EventCountry "AZE"]
[SourceTitle "playchess.com"]
[Source "ChessBase"]
[WhiteTeam "Israel"]
[BlackTeam "Germany"]
[WhiteTeamCountry "ISR"]
[BlackTeamCountry "GER"]
[TimeControl "40/5400+30:1800+30"]

1. d4 {(00:00)} Nf6 {(00:00)} 2. c4 {(00:00)} e6 {(
00:00)} 3. g3 {(00:00)} d5 {(00:00)} 4. Bg2 {(00:00)} Bb4+
{(00:02)} 5. Bd2 {(00:00)} Be7 {(00:09)} 6. Nf3 {(
00:07)} O-O {(00:09)} 7. O-O {(00:17)} c6 {(00:09)} 8. Qc2
{(00:15)} Nbd7 {(00:10)} 9. Rd1 {(00:52)} b6 {(00:
14)} 10. b3 {(00:05)} a5 {(02:06)} 11. Bc3 {(02:42)} Bb7 {
(00:11)} 12. Nbd2 {(01:57)} Qc7 {(00:12)} 13. e4 {(
02:47)} c5 {(00:12)} 14. exd5 {(08:42)} exd5 {(03:56)} 15.
Rac1 {(00:36)} Rfe8 {(02:40)} 16. Bb2 {(15:48)} Rac8 {
(14:23)} 17. Re1 {(12:55)} dxc4 {(05:03)} 18. Qxc4 {
(05:26)} Bd5 {(00:12)} 19. Qd3 {(04:56)} Qb7 {(07:
16)} 20. Nh4 {(02:10)} Bf8 {(04:05)} 21. Bxd5 {(05:57)}
Qxd5 {(01:10)} 22. Nc4 {(03:30)} Rxe1+ {(41:22)} 23. Rxe1
{(00:06)} b5 {(00:19)} 24. Ne3 {(08:18)} c4 {(00:
02)} 25. bxc4 {(03:20)} bxc4 {(00:03)} 26. Qe2 {(07:50)}
Qe4 {(06:01)} 27. Bc3 {(02:53)} a4 {(03:08)} 28. d5 {
(07:36)} g6 {(00:05)} 29. Qd1 {(03:21)} Qd3 {(02:
46)} 30. Bxf6 {(00:22)} Nxf6 {(06:17)} 31. Qxa4 {(00:26)}
Nxd5 {(01:06)} 32. Qd7 {(01:23)} Nb6 {(00:40)} 33. Qxd3 {
(00:31)} cxd3 {(00:01)} 34. Rd1 {(00:42)} Rc3 {(01:
25)} 35. Nf3 {(00:27)} Bc5 {(00:53)} 1/2-1/2

[Event "42nd Olympiad Baku 2016 Open"]
[Site "Baku"]
[Date "2016.09.05"]
[Round "4.13"]
[White "Predojevic, Borki"]
[Black "Song, Raymond"]
[Result "1-0"]
[ECO "E63"]
[WhiteElo "2642"]
[BlackElo "2170"]
[Annotator ""]
[PlyCount "53"]
[EventDate "2016.??.??"]
[EventCountry "AZE"]
[SourceTitle "playchess.com"]
[Source "ChessBase"]
[WhiteTeam "Bosnia  Herzegovina"]
[BlackTeam "Taiwan"]
[WhiteTeamCountry "BIH"]
[BlackTeamCountry "TPE"]
[TimeControl "40/5400+30:1800+30"]

1. d4 {(00:00)} Nf6 {(00:00)} 2. Nf3 {(00:00)} g6 {
(00:00)} 3. c4 {(00:15)} Bg7 {(00:00)} 4. g3 {(00:
05)} O-O {(00:00)} 5. Bg2 {(00:03)} d6 {(00:00)} 6. O-O {
(00:09)} Nc6 {(00:00)} 7. Nc3 {(00:05)} a6 {(00:43]
} 8. d5 {(01:09)} Na5 {(00:13)} 9. b3 {(00:08)} c5 {
(00:31)} 10. dxc6 {(04:11)} Nxc6 {(00:46)} 11. Bb2 {
(04:32)} Ne4 {(05:09)} 12. Qc1 {(00:53)} Nxc3 {(03:
20)} 13. Bxc3 {(00:06)} Bg4 {(00:21)} 14. Bxg7 {(03:40)}
Kxg7 {(00:04)} 15. Rd1 {(00:08)} Bxf3 {(01:08)} 16. exf3 {
(06:45)} Qa5 {(00:57)} 17. f4 {(02:04)} Qf5 {(00:
55)} 18. Qe3 {(01:21)} Rfe8 {(32:56)} 19. Rd5 {(06:35)} e5
{(07:21)} 20. Rxd6 {(06:14)} exf4 {(04:48)} 21. Qxf4 {
(00:46)} Qxf4 {(00:10)} 22. gxf4 {(00:07)} Red8 {(
00:03)} 23. Rad1 {(01:31)} Rxd6 {(00:20)} 24. Rxd6 {(00:
06)} Rd8 {(00:06)} 25. Rxd8 {(01:29)} Nxd8 {(00:04)} 26.
Bd5 {(00:04)} g5 {(20:23)} 27. Kg2 {(01:10)} 1-0

[Event "42nd Olympiad Baku 2016 Open"]
[Site "Baku"]
[Date "2016.09.05"]
[Round "4.14"]
[White "Priyankara, Chamil"]
[Black "Zerafa, Robert"]
[Result "0-1"]
[ECO "C86"]
[WhiteElo "2015"]
[BlackElo "2068"]
[Annotator ""]
[PlyCount "106"]
[EventDate "2016.??.??"]
[EventCountry "AZE"]
[SourceTitle "playchess.com"]
[Source "ChessBase"]
[WhiteTeam "Sri Lanka"]
[BlackTeam "Malta"]
[WhiteTeamCountry "SRI"]
[BlackTeamCountry "MLT"]
[TimeControl "40/5400+30:1800+30"]

1. e4 {(00:00)} e5 {(00:00)} 2. Nf3 {(00:20)} Nc6 {
(00:00)} 3. Bb5 {(00:02)} a6 {(00:00)} 4. Ba4 {(00:
02)} Nf6 {(00:16)} 5. Qe2 {(00:07)} Be7 {(00:23)} 6. O-O {
(00:13)} b5 {(05:10)} 7. Bb3 {(00:03)} d6 {(00:13)}
8. c3 {(00:10)} Na5 {(02:23)} 9. Bc2 {(00:02)} c5 {
(00:29)} 10. d4 {(00:05)} Qc7 {(00:52)} 11. d5 {(
00:06)} O-O {(04:52)} 12. Rd1 {(02:53)} c4 {(02:27)} 13.
Nbd2 {(09:02)} Nb7 {(06:42)} 14. Nf1 {(00:34)} Nc5 {
(01:49)} 15. Ng3 {(04:41)} Re8 {(07:02)} 16. b4 {(
10:19)} cxb3 {(01:48)} 17. axb3 {(00:03)} Bd7 {(02:28)}
18. Bb2 {(08:03)} a5 {(08:04)} 19. Qd2 {(05:55)} Bf8 {
(08:26)} 20. Nh4 {(04:36)} g6 {(02:43)} 21. b4 {(
06:40)} axb4 {(01:21)} 22. cxb4 {(05:56)} Na4 {(00:24)}
23. Bxa4 {(04:27)} bxa4 {(00:26)} 24. Nf3 {(00:17)} Bb5 {
(05:17)} 25. h3 {(04:48)} Rec8 {(04:24)} 26. Ne1 {(
04:06)} Bg7 {(03:49)} 27. Rdc1 {(02:40)} Qb7 {(02:46)} 28.
Rxc8+ {(06:14)} Rxc8 {(00:03)} 29. Rc1 {(00:01)} h5 {
(02:05)} 30. Nf3 {(09:27)} Rxc1+ {(03:01)} 31. Qxc1 {
(00:58)} Bd3 {(10:20)} 32. Qe3 {(02:26)} Qxb4 {(02:
19)} 33. Qxd3 {(05:20)} Qxb2 {(00:10)} 34. Qa6 {(03:11)}
a3 {(03:17)} 35. Qxd6 {(00:23)} Nh7 {(05:59)} 36. Qd8+ {
(00:37)} Nf8 {(02:48)} 37. Qe7 {(01:27)} a2 {(02:
00)} 38. Ng5 {(00:11)} Qc1+ {(00:12)} 39. Kh2 {(00:13)}
Qf4 {(02:02)} 40. Qa3 {(00:00)} h4 {(00:00)} 41. Nf3 {
(01:27)} hxg3+ {(01:55)} 42. fxg3 {(00:03)} Qxe4 {(
00:52)} 43. Qxa2 {(00:06)} Qd3 {(00:43)} 44. Qd2 {(11:29)}
Qxd2 {(02:25)} 45. Nxd2 {(00:02)} Nd7 {(00:50)} 46. Nc4 {
(00:17)} e4 {(04:19)} 47. g4 {(01:08)} Bd4 {(02:16]
} 48. Kg3 {(04:46)} Nb6 {(01:56)} 49. Nxb6 {(02:51)} Bxb6
{(00:22)} 50. Kf4 {(00:38)} e3 {(00:19)} 51. Kf3 {(
00:01)} Kf8 {(03:40)} 52. h4 {(00:11)} Ke7 {(00:16)} 53.
h5 {(00:06)} Kd6 {(01:54)} 0-1

[Event "42nd Olympiad Baku 2016 Open"]
[Site "Baku"]
[Date "2016.09.05"]
[Round "4.15"]
[White "Psaila, Clarence"]
[Black "Lamawansa, Yasas"]
[Result "0-1"]
[ECO "B52"]
[WhiteElo "2057"]
[BlackElo "2052"]
[Annotator ""]
[PlyCount "112"]
[EventDate "2016.??.??"]
[EventCountry "AZE"]
[SourceTitle "playchess.com"]
[Source "ChessBase"]
[WhiteTeam "Malta"]
[BlackTeam "Sri Lanka"]
[WhiteTeamCountry "MLT"]
[BlackTeamCountry "SRI"]
[TimeControl "40/5400+30:1800+30"]

1. e4 {(00:00)} c5 {(00:00)} 2. Nf3 {(00:00)} d6 {(
00:00)} 3. Bb5+ {(00:06)} Bd7 {(00:00)} 4. Bxd7+ {(00:10)}
Qxd7 {(00:00)} 5. c4 {(00:22)} Nc6 {(00:38)} 6. d4 {
(00:34)} cxd4 {(00:14)} 7. Nxd4 {(00:23)} g6 {(00:
30)} 8. Nc3 {(01:19)} Bg7 {(00:10)} 9. Be3 {(00:38)} Nf6 {
(00:12)} 10. f3 {(00:25)} a6 {(00:55)} 11. O-O {(
01:21)} O-O {(00:25)} 12. a4 {(04:13)} Qc7 {(02:00)} 13.
b3 {(02:16)} e6 {(00:57)} 14. Nde2 {(03:51)} Rfd8 {
(01:40)} 15. Rc1 {(02:08)} Qa5 {(09:58)} 16. Qd2 {(
34:27)} d5 {(06:18)} 17. exd5 {(05:46)} exd5 {(00:22)} 18.
cxd5 {(02:15)} Nxd5 {(00:18)} 19. Nxd5 {(00:37)} Qxd2 {
(00:32)} 20. Bxd2 {(00:34)} Rxd5 {(00:03)} 21. Bc3 {
(02:34)} Re8 {(02:25)} 22. Nf4 {(03:20)} Rd7 {(01:
47)} 23. Bxg7 {(02:26)} Kxg7 {(00:02)} 24. Rfe1 {(02:52)}
Rxe1+ {(02:14)} 25. Rxe1 {(00:06)} Rd4 {(04:17)} 26. Re4 {
(04:43)} Rd1+ {(07:22)} 27. Kf2 {(00:21)} Rb1 {(00:
07)} 28. Nd3 {(13:13)} Rxb3 {(02:44)} 29. Nc5 {(00:05)}
Rb2+ {(00:06)} 30. Kg3 {(02:01)} a5 {(02:28)} 31. Re8 {
(02:52)} h5 {(15:49)} 32. Rc8 {(01:21)} Nd4 {(01:
16)} 33. f4 {(01:01)} Rc2 {(06:14)} 34. Rc7 {(00:16)} Kh6
{(02:25)} 35. h4 {(01:51)} b5 {(08:41)} 36. axb5 {(
01:27)} Nxb5 {(00:07)} 37. Rc8 {(02:04)} Nd6 {(02:15)} 38.
Rc7 {(01:55)} Rxc5 {(00:23)} 39. Ra7 {(01:11)} Kg7 {
(01:26)} 40. Kf3 {(00:00)} Nf5 {(00:00)} 41. g3 {(
02:08)} Rc3+ {(00:41)} 42. Kf2 {(00:18)} Rxg3 {(00:30)}
43. Rxa5 {(00:18)} Rg4 {(00:02)} 44. Kf3 {(00:46)} Nxh4+ {
(00:27)} 45. Kf2 {(02:03)} Rxf4+ {(00:23)} 46. Kg3 {
(00:18)} Rb4 {(00:21)} 47. Ra7 {(00:41)} Nf5+ {(00:
05)} 48. Kh3 {(00:16)} g5 {(00:21)} 49. Kh2 {(01:02)} Rb2+
{(00:21)} 50. Kh1 {(00:26)} h4 {(00:05)} 51. Kg1 {(
00:48)} Kg6 {(02:16)} 52. Ra6+ {(00:13)} f6 {(00:06)} 53.
Kh1 {(00:26)} g4 {(00:39)} 54. Ra8 {(01:00)} h3 {(
02:13)} 55. Ra3 {(00:37)} g3 {(00:41)} 56. Ra1 {(01:00)}
Nh4 {(01:00)} 0-1

[Event "42nd Olympiad Baku 2016 Open"]
[Site "Baku"]
[Date "2016.09.05"]
[Round "4.14"]
[White "Radjabov, Teimour"]
[Black "Deac, Bogdan-Daniel"]
[Result "1/2-1/2"]
[ECO "C54"]
[WhiteElo "2722"]
[BlackElo "2524"]
[Annotator ""]
[PlyCount "81"]
[EventDate "2016.??.??"]
[EventCountry "AZE"]
[SourceTitle "playchess.com"]
[Source "ChessBase"]
[WhiteTeam "Azerbaijan"]
[BlackTeam "Romania"]
[WhiteTeamCountry "AZE"]
[BlackTeamCountry "ROU"]
[TimeControl "40/5400+30:1800+30"]

1. e4 {(00:00)} e5 {(00:00)} 2. Nf3 {(00:00)} Nc6 {
(00:00)} 3. Bc4 {(00:00)} Bc5 {(00:00)} 4. c3 {(00:
38)} Nf6 {(00:00)} 5. d3 {(00:03)} a6 {(00:01)} 6. O-O {
(01:59)} Ba7 {(00:06)} 7. Bb3 {(01:30)} d6 {(00:36]
} 8. Nbd2 {(04:25)} O-O {(04:17)} 9. h3 {(03:46)} Be6 {
(00:52)} 10. Re1 {(02:46)} Re8 {(11:12)} 11. Nf1 {(
01:02)} h6 {(03:57)} 12. Bc2 {(08:17)} d5 {(01:04)} 13.
Qe2 {(00:36)} b5 {(04:34)} 14. Bd2 {(08:12)} Bc5 {(
13:43)} 15. Ng3 {(06:32)} Bf8 {(11:29)} 16. Rad1 {(16:48)}
g6 {(12:08)} 17. Bb1 {(05:36)} Bg7 {(01:54)} 18. Bc1 {
(02:56)} dxe4 {(07:45)} 19. dxe4 {(02:18)} Qe7 {(
00:09)} 20. Be3 {(03:59)} Rad8 {(00:34)} 21. Nd2 {(02:17)}
Na5 {(11:25)} 22. b4 {(07:55)} Nb7 {(00:06)} 23. a4 {
(00:07)} c6 {(02:58)} 24. Bc2 {(05:55)} Nd7 {(07:
33)} 25. Bd3 {(03:37)} h5 {(01:19)} 26. axb5 {(05:38)}
axb5 {(00:10)} 27. Nf3 {(00:15)} Nd6 {(00:42)} 28. Nf1 {
(03:00)} Nc4 {(00:31)} 29. Ra1 {(02:18)} Ra8 {(01:
26)} 30. Bxc4 {(00:49)} Bxc4 {(00:16)} 31. Qc2 {(00:03)}
c5 {(00:38)} 32. bxc5 {(01:22)} Nxc5 {(00:15)} 33. N1d2 {
(00:36)} Be6 {(03:18)} 34. Rxa8 {(00:18)} Rxa8 {(
00:06)} 35. Qb1 {(00:01)} Na4 {(01:10)} 36. Qxb5 {(00:05)}
Nxc3 {(00:07)} 37. Qd3 {(00:53)} Rc8 {(01:04)} 38. Kh2 {
(00:51)} Qd7 {(00:32)} 39. Qa6 {(01:12)} Qc6 {(00:
22)} 40. Qxc6 {(00:00)} Rxc6 {(00:00)} 41. Ra1 {(03:45)}
1/2-1/2

[Event "42nd Olympiad Baku 2016 Open"]
[Site "Baku"]
[Date "2016.09.05"]
[Round "4.25"]
[White "Rakotomaharo, Fy Antenaina"]
[Black "Tissir, Mohamed"]
[Result "1-0"]
[ECO "E73"]
[WhiteElo "2439"]
[BlackElo "2388"]
[Annotator ""]
[PlyCount "117"]
[EventDate "2016.??.??"]
[EventCountry "AZE"]
[SourceTitle "playchess.com"]
[Source "ChessBase"]
[WhiteTeam "Madagascar"]
[BlackTeam "Morocco"]
[WhiteTeamCountry "MAD"]
[BlackTeamCountry "MAR"]
[TimeControl "40/5400+30:1800+30"]

1. d4 {(00:00)} Nf6 {(00:00)} 2. c4 {(00:00)} g6 {(
00:00)} 3. Nc3 {(00:16)} Bg7 {(00:00)} 4. e4 {(00:05)} d6
{(00:06)} 5. Be2 {(00:17)} O-O {(01:22)} 6. Bg5 {(
00:14)} c5 {(02:53)} 7. d5 {(00:09)} e6 {(00:18)} 8. Qd2 {
(00:30)} exd5 {(00:07)} 9. exd5 {(00:04)} Qb6 {(00:
35)} 10. Nf3 {(19:35)} Bf5 {(02:29)} 11. Rc1 {(00:18)} Ne4
{(01:19)} 12. Nxe4 {(00:05)} Bxe4 {(00:05)} 13. b3 {
(00:04)} a5 {(00:18)} 14. Bh6 {(01:59)} Re8 {(18:
59)} 15. Bxg7 {(18:09)} Bxf3 {(00:58)} 16. Qh6 {(00:10)}
Rxe2+ {(07:12)} 17. Kf1 {(00:27)} Nd7 {(00:02)} 18. gxf3 {
(00:07)} Re7 {(00:53)} 19. Bc3 {(01:21)} f6 {(06:
25)} 20. h4 {(03:31)} Qd8 {(16:27)} 21. h5 {(18:52)} Qf8 {
(00:18)} 22. hxg6 {(00:12)} Qxh6 {(00:02)} 23. Rxh6 {
(00:08)} hxg6 {(00:08)} 24. Rxg6+ {(00:11)} Kf7 {(
00:04)} 25. Rg3 {(00:41)} Rh8 {(09:37)} 26. Kg2 {(06:19)}
b6 {(21:00)} 27. f4 {(04:13)} Nf8 {(03:28)} 28. Re3 {
(00:57)} Ng6 {(00:34)} 29. Rxe7+ {(09:28)} Kxe7 {(
00:26)} 30. Kg3 {(04:27)} Rg8 {(00:32)} 31. Kf3 {(00:18)}
Nh4+ {(02:40)} 32. Ke3 {(01:09)} Kf7 {(05:07)} 33. a3 {
(05:35)} Rg4 {(01:31)} 34. Rh1 {(00:29)} Kg6 {(00:
30)} 35. Bd2 {(04:53)} Kf5 {(00:11)} 36. Ke2 {(01:56)} Ng2
{(00:43)} 37. Rh7 {(00:30)} Nxf4+ {(00:21)} 38. Kf3 {
(00:10)} a4 {(00:45)} 39. bxa4 {(00:28)} Nd3 {(00:
33)} 40. Rh5+ {(00:00)} Rg5 {(00:00)} 41. Bxg5 {(05:47)}
Ne5+ {(01:45)} 42. Ke2 {(03:52)} fxg5 {(00:07)} 43. Rh6 {
(00:11)} Nxc4 {(05:57)} 44. Re6 {(02:13)} g4 {(05:
14)} 45. Kd3 {(00:27)} Nb2+ {(00:03)} 46. Kc2 {(04:01)}
Nxa4 {(00:17)} 47. Rxd6 {(03:42)} b5 {(00:29)} 48. Re6 {
(01:59)} b4 {(00:24)} 49. axb4 {(02:05)} cxb4 {(00:
01)} 50. Rc6 {(01:08)} Ke5 {(04:19)} 51. d6 {(00:06)} Ke6
{(00:04)} 52. Kb3 {(00:35)} Nc3 {(00:12)} 53. Rxc3 {
(00:53)} bxc3 {(00:14)} 54. Kxc3 {(00:04)} Kxd6 {(
01:10)} 55. Kd4 {(00:04)} Ke6 {(00:42)} 56. Ke4 {(00:06)}
g3 {(01:44)} 57. fxg3 {(00:07)} Kf6 {(00:03)} 58. Kf4 {
(00:07)} Kg6 {(00:05)} 59. Ke4 1-0